 Dungeon Crawl Stone Soup version 0.16.2-2-g470672f (webtiles) character file.

217 Mynnion the Skirmisher (level 5, -13/48 HPs)
             Began as a Minotaur Berserker on Sept 3, 2015.
             Was a Believer of Trog.
             Killed from afar by an orc (17 damage)
             ... with an exploding inner flame
             ... hexed by the player character
             ... on level 3 of the Dungeon.
             The game lasted 00:11:03 (1252 turns).

Mynnion the Skirmisher (Minotaur Berserker)         Turns: 1252, Time: 00:11:03

Health: -13/48     AC:  4    Str: 21    XL:     5   Next: 62%
Magic:  2/2        EV: 13    Int:  4    God:    Trog [**....]
Gold:   115        SH:  0    Dex: 11    Spells: 0 memorised, 4 levels left

rFire  + . .     SeeInvis .     a - +0 mace
rCold  . . .     Clarity  .     k - +1 leather armour {rF+}
rNeg   . . .     SustAb   .     (no shield)
rPois  .         Gourm    .     (helmet restricted)
rElec  .         Spirit   .     (no cloak)
rCorr  .         Warding  .     (no gloves)
rMut   .         Stasis   .     (no boots)
MR     .....                    (no amulet)
Stlth  +.........               (no ring)
                                (no ring)

@: not resistant to hostile enchantments, very unstealthy
A: retaliatory headbutt, horns 2
a: Burn Spellbooks, Berserk, Trog's Hand, Renounce Religion


You were on level 3 of the Dungeon.
You worshipped Trog.
Trog was pleased with you.
You were not hungry.

You visited 1 branch of the dungeon, and saw 3 of its levels.

You collected 115 gold pieces.

Inventory:

Hand weapons
 a - a +0 mace (weapon)
 o - a +1 hunting sling of flaming
Missiles
 m - a throwing net (quivered)
Armour
 b - a +0 animal skin
 j - a +0 ring mail
 k - a +1 leather armour of fire resistance (worn)
 l - a +0 plate armour
 p - a cursed -1 ring mail
Scrolls
 e - 4 scrolls of remove curse
Comestibles
 c - a bread ration


   Skills:
 + Level 5.4 Fighting
 + Level 4.8 Maces & Flails
 + Level 3.3 Armour
 + Level 3.7 Dodging
 + Level 0.3 Stealth


You had 4 spell levels left.
You didn't know any spells.

Dungeon Overview and Level Annotations

Branches:
Dungeon (3/15)

Altars:


Innate Abilities, Weirdness & Mutations

You reflexively headbutt those who attack you in melee.
You have a pair of horns on your head.


Message History

The orc hits you.
* * * LOW HITPOINT WARNING * * *
You continue eating.
The orc hits you but does no damage.
You continue eating.
The orc hits you but does no damage.
You finish eating.
That bread ration really hit the spot!
You are too injured to fight recklessly!
The orc hits you.
* * * LOW HITPOINT WARNING * * *
A worm comes into view.
You sock the orc!
The orc explodes!
The fiery explosion engulfs the orc.
The orc explodes!
The fiery explosion engulfs you! You resist.
* * * LOW HITPOINT WARNING * * *
Trog accepts your kill. The fiery explosion engulfs you! You resist.
You die...

,,,,...###...######..,,,**,**,,,,
,,#,*#.* #...# *,,,,,,*,******
..#.##.###...# **,,**,*,*
........##...# *,,,,,,,******
#...*#..##..Y# ####*,,,,,,,,,,,,*
>...##........##.###§##.#*,**,,,,,,,*
#.##........# #.......#*********
#.###.......# ####w#### #...........#
*,# #.......##)## ****,****
##.#######.# *,,,,,,,**** #.*
**#.#***,**,,,,,,,* #,*
*,...,**,**,**,**,*


You could see an ice beast (inner flame).

Vanquished Creatures
  The ghost of monobi the Poker, an average DsGl (D:3)
  4 adders
  A worm (D:2)
  A giant gecko (D:2)
  3 orcs (D:3)
  2 ball pythons
  9 bats
  7 hobgoblins
  2 kobolds
  A giant cockroach (D:1)
  3 giant newts (D:1)
  4 goblins
  7 jackals (D:2)
  5 rats
50 creatures vanquished.

Notes
Turn   | Place    | Note
--------------------------------------------------------------
     0 | D:1      | Mynnion, the Minotaur Berserker, began the quest for the Orb.
     0 | D:1      | Reached XP level 1. HP: 19/19 MP: 1/1
   210 | D:1      | Reached skill level 4 in Fighting
   223 | D:1      | Reached XP level 2. HP: 27/27 MP: 1/1
   616 | D:2      | Reached XP level 3. HP: 33/33 MP: 2/2
   674 | D:2      | Acquired Trog's second power
  1030 | D:2      | Reached XP level 4. HP: 41/41 MP: 2/2
  1190 | D:3      | Noticed monobi's ghost (average DsGl)
  1197 | D:3      | Noticed an ice beast
  1240 | D:3      | Killed monobi's ghost
  1240 | D:3      | Reached skill level 5 in Fighting
  1240 | D:3      | Reached XP level 5. HP: 18/48 MP: 2/2
  1252 | D:3      | Killed from afar by an orc

Action                   |  1- 3 |  4- 6 || total
-------------------------+-------+-------++-------
Melee: Mace              |    51 |    42 ||    93
  Use: Scroll            |     1 |     4 ||     5
       Potion            |     1 |     4 ||     5
  Eat: Bread ration      |       |     1 ||     1
